 Dungeon Crawl Stone Soup version 0.32-a0-475-g46bb8dd (webtiles) character file.

Game seed: 18426371291515831269

26985 Dorkslayer the Carver (level 13, -3/96 HPs)
             Began as a Coglin Gladiator on Feb 25, 2024.
             Was the Champion of Okawaru.
             Slain by an orc knight
             ... wielding a +0 bardiche
              (5 damage)
             ... on level 1 of the Orcish Mines.
             The game lasted 00:47:08 (11580 turns).

Dorkslayer the Carver (Coglin Gladiator)           Turns: 11580, Time: 00:47:08

Health: -3/96      AC: 35    Str: 15    XL:     13   Next: 29%
Magic:  16/16      EV:  8    Int: 13    God:    Okawaru [******]
Gold:   2877       SH:  5    Dex: 20    Spells: 12/12 levels left

rFire   + + +        E - +6 scimitar (flame) {Doyun}
rCold   + . .        a - +1 long sword (drain) {Audrea}
rNeg    . . .        l - +14 plate armour "Meppihump" {*Corrode rF++ Int+5}
rPois   .            c - +1 helmet
rElec   .            (no cloak)
rCorr   .            g - +0 pair of gloves
SInv    .            f - +0 pair of boots
Will    .....        n - amulet of reflection Stlth
                     (ring unavailable)
HPRegen 0.36/turn    (ring unavailable)
MPRegen 0.15/turn

%: corrode self (3%), reflection
@: revved
A: cold resistance 1, fire resistance 1, off-hand wielding, slow wielding,
warmup strikes, no rings, iridescent scales 1, evolution 1
a: Renounce Religion, Heroism, Finesse, Duel, Receive Weapon


You were on level 1 of the Orcish Mines.
You worshipped Okawaru.
Okawaru was exalted by your worship.
You visited 3 branches of the dungeon, and saw 14 of its levels.
You also visited: Sewer and Bailey.

You collected 2877 gold pieces.

Inventory:

Hand Weapons
 a - a +1 long sword of draining (offhand) {Audrea}
 h - a +4 dagger of speed {Agam}
 o - a +0 long sword
 z - a +0 scimitar
 E - a +6 scimitar of flaming (weapon) {Doyun}
Missiles
 m - 3 datura-tipped darts
 v - a curare-tipped dart (quivered)
 C - 9 boomerangs
 G - a throwing net
Armour
 c - a +1 helmet (worn)
 f - a +0 pair of boots (worn)
 g - a +0 pair of gloves (worn)
 l - the +14 plate armour "Meppihump" (worn) {*Corrode rF++ Int+5}
   (Okawaru gifted it to you on level 2 of the Orcish Mines)

   Int+5:     It affects your intelligence (+5).
   rF++:      It greatly protects you from fire.
   *Corrode:  It may corrode you when you take damage.
Jewellery
 n - an amulet of reflection (around neck)
Wands
 b - a wand of polymorph (1)
 t - a wand of flame (9)
 u - a wand of iceblast (1)
 B - a wand of digging (4)
 D - a wand of mindburst (4)
Scrolls
 j - 3 scrolls of fog
 k - 4 scrolls of blinking
 p - 2 scrolls of silence
 w - 2 scrolls of teleportation
 x - 3 scrolls of summoning
 y - 5 scrolls of enchant armour
Potions
 d - 2 potions of brilliance
 i - 3 potions of berserk rage
 q - 5 potions of magic
 A - a potion of cancellation {unknown}
 F - a potion of might


   Skills:
 + Level 7.4 Fighting
 - Level 6.1(8.9) Short Blades
 + Level 10.8(11.6) Long Blades
 + Level 3.1 Throwing
 * Level 8.7 Armour
 * Level 8.3 Dodging
 + Level 2.5 Stealth
 - Level 0.2 Shields
 * Level 5.1 Invocations
 * Level 10.4 Evocations


You had 12 spell levels left.
You didn't know any spells.
Your spell library contained the following spells:

 Spells                   Type           Power      Damage    Failure   Level
 Sandblast                Erth           0%         2d4       100%        1
 Slow                     Hex            0%         N/A       100%        1
 Confusing Touch          Hex            0%         N/A       100%        3
 Dazzling Flash           Conj/Hex       0%         N/A       100%        3
 Hailstorm                Conj/Ice       0%         3d5       100%        3
 Passwall                 Erth           0%         N/A       100%        3
 Sigil of Binding         Hex            0%         N/A       100%        3
 Stone Arrow              Conj/Erth      0%         3d7       100%        3
 Vampiric Draining        Necr           0%         2d6       100%        3
 Volatile Blastmotes      Fire/Tloc      0%         2d10      100%        3
 Brom's Barrelling Bould  Conj/Erth      0%         2d3       100%        4
 Passage of Golubria      Tloc           0%         N/A       100%        4
 Alistair's Intoxication  Alch           0%         N/A       100%        5
 Borgnjor's Vile Clutch   Necr/Erth      0%         N/A       100%        5
 Silence                  Hex/Air        0%         N/A       100%        5
 Eringya's Noxious Bog    Alch           0%         4d6       100%        6
 Starburst                Conj/Fire      0%         6d3       100%        6
 Lehudib's Crystal Spear  Conj/Erth      0%         10d2      100%        8
 Maxwell's Capacitive Co  Air            0%         ∞         100%        8
 Summon Ice Beast         Ice/Summ       Unusable   N/A       N/A         3
 Sculpt Simulacrum        Ice/Alch       Unusable   N/A       N/A         6

Dungeon Overview and Level Annotations

Branches:
Dungeon (11/15)            Temple (1/1) D:6            Lair (0/5) D:9
    Orc (2/2) D:11          Sewer (visited)          Bailey (visited)
    Elf: Orc:2

Altars:
Ashenzari
Cheibriados
Dithmenos
Elyvilon
Fedhas
Gozag
Hepliaklqana
Kikubaaqudgha
Makhleb
Nemelex Xobeh
Okawaru
Qazlal
Ru
Sif Muna
Trog
Uskayaw
Vehumet
Wu Jian
Xom
Yredelemnul
Zin
The Shining One
Beogh
Jiyva

Shops:
D:2 (


Innate Abilities, Weirdness & Mutations

Your flesh is cold resistant. (rC+)
Your flesh is heat resistant. (rF+)
You can wield a second weapon in your off-hand.
It takes a long time for you to wield or remove held weapons.
Your first few attacks do less damage.
Your grasper-arms cannot wear rings.
You are partially covered in iridescent scales. (AC +2)
You have hidden genetic potential.


Message History

You hit the orc knight with your +6 scimitar of flaming.
You burn the orc knight.
The orc knight is lightly wounded.
You hit the orc knight but do no damage.
The orc knight closely misses you.
The orc warrior hits you with a +0 trident!
You barely miss the orc knight with your +1 long sword of draining.
The orc knight is lightly wounded.
You slash the orc knight with your +6 scimitar of flaming!
You burn the orc knight.
The orc warrior no longer looks unusually strong.
The orc knight hits you with a +0 bardiche!!
* * * LOW HITPOINT WARNING * * *
You hit the orc knight but do no damage.
You drain the orc knight.
The orc knight is moderately wounded.
You hit the orc knight with your +6 scimitar of flaming.
You burn the orc knight.
The orc warrior hits you with a +0 trident.
* * * LOW HITPOINT WARNING * * *
Okay, then.
You hit the orc knight with your +6 scimitar of flaming.
You burn the orc knight.
The orc knight is heavily wounded.
You barely miss the orc knight with your +1 long sword of draining.
The orc knight roars a battlecry!
The orc warrior goes into a battle-frenzy!
The orc warrior hits you but does no damage.
You barely miss the orc knight with your +6 scimitar of flaming.
The orc knight is heavily wounded.
You hit the orc knight but do no damage.
The orc knight hits you but does no damage.
The orc warrior hits you with a +0 trident!
* * * LOW HITPOINT WARNING * * *
You slash the orc knight with your +6 scimitar of flaming!
You burn the orc knight.
The orc knight is severely wounded.
You hit the orc knight with your +1 long sword of draining.
The orc knight hits you with a +0 bardiche.
You die...

##.#..................#
##....................##
#...#.................#
##..###.............#.##
#...#................##
##.#..................##
####.#................##
##....[[.............#
##....o@[............##
###.#...#÷o#...###....##
##...............#....##
#.............#.#.....#
###...[)......##.......###
###......[.#....#........#.##
##.......)........#..#.......#
#........#..##.....##...#...##
#........##.#.##..####.###.##


You could see an orc knight (strong, drained) and an orc warrior (strong).

Vanquished Creatures
  An ettin (Orc:2)
  Erica (D:10)
  2 orc high priests
  A boulder beetle (D:11)
  3 orc knights
  An ugly thing (D:9)
  An orc sorcerer (Orc:2)
  A gargoyle (D:11)
  Maggie (D:7)
  A rime drake (D:9)
  6 trolls
  A shadow (D:10)
  A vampire (D:5)
  A wraith (D:9)
  17 yaks
  A steam dragon (D:8)
  2 vampire mosquitoes (D:11)
  An acid dragon (D:10)
  4 ice beasts
  10 ogres
  29 orc warriors
  A crocodile (Sewer)
  2 wolves (D:9)
  2 phantoms
  A weeping skull (D:9)
  4 kobold brigands
  5 bullfrogs
  3 gnoll sergeants (D:11)
  4 scorpions
  22 killer bees
  14 howler monkeys
  A crimson imp (D:8)
  3 bombardier beetles
  5 jellies
  6 hounds
  19 orc priests
  4 iguanas
  14 orc wizards
  A scorpion zombie (D:3)
  A hound skeleton (D:3)
  Robin (D:3)
  10 gnolls
  6 adders
  2 ufetubi (D:5)
  2 ribbon worms
  3 dart slugs
  70 orcs
  4 bats (D:3)
  3 endoplasms
  4 giant cockroaches
  14 goblins
  6 hobgoblins
  11 jackals
  17 kobolds
  4 quokkas
  12 ball pythons
  2 ball python zombies (D:3)
  2 frilled lizards
  A goblin skeleton (D:8)
  2 goblin zombies (D:8)
  2 hobgoblin zombies (D:8)
  An orc zombie (D:8)
  A quokka skeleton (D:3)
  5 rats
  A spectral orc (D:9)
384 creatures vanquished.

Vanquished Creatures (collateral kills)
  An orc warrior (Bailey)
  9 orcs (Bailey)
10 creatures vanquished.

Vanquished Creatures (others)
  2 yaks (D:9)
  An orc wizard (Orc:2)
3 creatures vanquished.

Grand Total: 397 creatures vanquished

Notes
Turn   | Place    | Note
-------+----------+-------------------------------------------
     0 | D:1      | Dorkslayer the Coglin Gladiator began the quest for the
                  | Orb.
     0 | D:1      | Reached XP level 1. HP: 16/16 MP: 1/1
   180 | D:1      | Reached XP level 2. HP: 22/22 MP: 2/2
   664 | D:1      | Reached XP level 3. HP: 23/27 MP: 3/3
   966 | D:2      | Found Kacret's Antique Weapon Emporium.
  1220 | D:3      | Identified a scroll of acquirement
  1220 | D:3      | Acquired 604 gold pieces
  1253 | D:3      | Noticed Robin
  1282 | D:3      | Killed Robin
  1283 | D:3      | Reached XP level 4. HP: 23/34 MP: 4/4
  1445 | D:3      | Reached skill level 1 in Armour
  1460 | D:3      | Reached XP level 5. HP: 39/39 MP: 5/5
  1596 | D:3      | Found a glowing drain.
  1600 | Sewer    | Entered a sewer
  1642 | Sewer    | Noticed a crocodile
  1651 | Sewer    | Killed a crocodile
  1652 | Sewer    | Reached skill level 1 in Short Blades
  1652 | Sewer    | Reached XP level 6. HP: 40/46 MP: 6/6
  1795 | D:3      | Reached skill level 5 in Long Blades
  2244 | D:4      | Reached XP level 7. HP: 47/52 MP: 7/7
  2802 | D:4      | Found a glowing silver altar of Zin.
  2868 | D:4      | Found a broken altar of Ashenzari.
  2868 | D:4      | Found a burning altar of Makhleb.
  2910 | D:4      | Reached skill level 1 in Evocations
  3119 | D:5      | Entered Level 5 of the Dungeon
  3145 | D:5      | Noticed a vampire
  3150 | D:5      | Reached XP level 8. HP: 59/59 MP: 8/8
  3171 | D:5      | Gained mutation: You are partially covered in iridescent
                  | scales. (AC +2) [potion of mutation]
  3171 | D:5      | Gained mutation: You sometimes lose your temper in combat.
                  | [potion of mutation]
  3171 | D:5      | Gained mutation: You occasionally shout uncontrollably at
                  | your foes. [potion of mutation]
  3178 | D:5      | Killed a vampire
  3705 | D:6      | Found a staircase to the Ecumenical Temple.
  3720 | Temple   | Entered the Ecumenical Temple
  3730 | Temple   | Became a worshipper of Warmaster Okawaru
  4252 | D:6      | Reached XP level 9. HP: 66/66 MP: 9/9
  4297 | D:6      | Found a bloodstained altar of Trog.
  4303 | D:6      | Reached skill level 1 in Stealth
  4406 | D:7      | Reached * piety under Okawaru
  4546 | D:7      | Noticed Maggie
  4557 | D:7      | Killed Maggie
  4558 | D:7      | Reached skill level 5 in Dodging
  4665 | D:7      | Reached ** piety under Okawaru
  4671 | D:7      | Reached skill level 5 in Evocations
  4985 | D:8      | Reached XP level 10. HP: 67/73 MP: 10/10
  5170 | D:8      | Upgraded the game from 0.32-a0-471-gb91d5d9 to
                  | 0.32-a0-475-g46bb8dd
  5321 | D:8      | Reached skill level 5 in Armour
  5483 | D:8      | Reached *** piety under Okawaru
  5734 | D:8      | Found a viscous altar of Jiyva.
  5735 | D:8      | Found a glowing golden altar of the Shining One.
  6036 | D:9      | Found a flagged portal.
  6048 | Bailey   | Entered a bailey
  6298 | Bailey   | Reached skill level 5 in Fighting
  6298 | Bailey   | Reached skill level 1 in Invocations
  6368 | Bailey   | Noticed an orc knight
  6384 | Bailey   | Killed an orc knight
  6387 | Bailey   | HP: 1/74 [orc warrior/+0 glaive (22)]
  6612 | D:9      | Reached **** piety under Okawaru
  6636 | D:9      | Found a blossoming altar of Fedhas.
  6638 | D:9      | Found a hide-covered altar of Uskayaw.
  6641 | D:9      | Found a shimmering blue altar of Sif Muna.
  6644 | D:9      | Found an ancient bone altar of Kikubaaqudgha.
  6798 | D:9      | Found a snail-covered altar of Cheibriados.
  6869 | D:9      | Reached skill level 5 in Short Blades
  6870 | D:9      | Reached XP level 11. HP: 80/80 MP: 12/12
  6877 | D:9      | Found a staircase to the Lair.
  6976 | D:9      | Found a hazy altar of Hepliaklqana.
  7167 | D:9      | Reached ***** piety under Okawaru
  7202 | D:9      | Found a shadowy altar of Dithmenos.
  7227 | D:9      | Found a basalt altar of Yredelemnul.
  7371 | D:9      | Noticed a purple ugly thing
  7384 | D:9      | Killed a purple ugly thing
  7601 | D:9      | Found a sacrificial altar of Ru.
  7603 | D:9      | Found a radiant altar of Vehumet.
  7744 | D:9      | Reached XP level 12. HP: 89/89 MP: 13/15
  7746 | D:10     | Entered Level 10 of the Dungeon
  8197 | D:10     | Noticed Erica
  8504 | D:10     | Killed Erica
  8964 | D:11     | Noticed a boulder beetle
  8977 | D:11     | Killed a boulder beetle
  8996 | D:11     | Received a gift from Okawaru
  9022 | D:11     | Reached skill level 10 in Long Blades
  9371 | D:11     | Found a staircase to the Orcish Mines.
  9519 | D:11     | Acquired 968 gold pieces
  9638 | D:11     | Lost mutation: You occasionally shout uncontrollably at
                  | your foes. [potion of mutation]
  9638 | D:11     | Lost mutation: You sometimes lose your temper in combat.
                  | [potion of mutation]
  9638 | D:11     | Gained mutation: You have hidden genetic potential. [potion
                  | of mutation]
  9669 | Orc:1    | Entered Level 1 of the Orcish Mines
  9669 | Orc:1    | Found a roughly hewn altar of Beogh.
  9763 | Orc:1    | Noticed an orc high priest
  9773 | Orc:1    | Noticed a sun demon
 10174 | Orc:1    | Killed an orc high priest
 10175 | Orc:1    | Reached skill level 10 in Evocations
 10175 | Orc:1    | Gained mutation: Your flesh is cold resistant. (rC+)
                  | [Coglin growth]
 10175 | Orc:1    | Gained mutation: Your flesh is heat resistant. (rF+)
                  | [Coglin growth]
 10175 | Orc:1    | Reached XP level 13. HP: 49/96 MP: 16/16
 10541 | Orc:2    | Entered Level 2 of the Orcish Mines
 10963 | Orc:2    | Received a gift from Okawaru
 11258 | Orc:2    | Noticed an ettin
 11280 | Orc:2    | Killed an ettin
 11280 | Orc:2    | Reached ****** piety under Okawaru
 11288 | Orc:2    | Reached skill level 5 in Invocations
 11289 | Orc:2    | Acquired the +14 plate armour "Meppihump" {*Corrode rF++
                  | Int+5}
 11289 | Orc:2    | Received a gift from Okawaru
 11579 | Orc:1    | HP: 2/96 [orc warrior/+0 trident (12)]
 11580 | Orc:1    | Slain by an orc knight

Illustrated notes

Levels and vault maps discovered:
D:1:      psy_arrival_statuary, layout_basic, serial_forest,
          infiniplex_forest_straight_2, infiniplex_forest_corner_1,
          infiniplex_forest_clump_diagonal, infiniplex_forest_split,
          infiniplex_forest_end_2, roderic_roman_lattice
D:2:      layout_basic, serial_shops, nicolae_shop_rolling_square,
          minmay_domino_2
D:3:      layout_loops_cross, mainiacjoe_sewer_entry_somewhere_in_here_2,
          serial_undead, serial_undead_a, serial_undead_c, serial_undead_a,
          serial_undead_c, serial_undead_f, serial_undead_e, serial_undead_a,
          uniq_robin
D:4:      minmay_evil_eye, layout_basic, gammafunk_temple_overflow_elements,
          mainiacjoe_overflow_tiny_flanked
D:5:      layout_cave_pools
D:6:      layout_basic, trog_butcher_becter, minmay_temple_entry_large_hall,
          serial_park_tiny_2
D:7:      layout_rooms, uniq_maggie
D:8:      layout_loops_corners, nicolae_tso_besieged_by_evil, jiyva_altar_1
D:9:      layout_basic, lemuel_coloured_pillars_altar,
          yredelemnul_forgotten_temple_becter, kennysheep_slug_shrine,
          nicolae_overflow_macrodata_refinement, nicolae_overflow_hidden_temple,
          grunt_dithmenos_smoke_and_mirrors, hellmonk_lair_entry_icy,
          serial_corexii_hall, corexii_hall_statues_deadend,
          chequers_hall_statues_corner_a, enter_bailey_6,
          lightli_fourway_metalbox
D:10:     layout_gridville, nicolae_concentric_dashed_squares_mild, uniq_erica
D:11:     layout_cave_pools, kennysheep_orc_monster_closet_entryway
Temple:   hellmonk_temple_two_chambers
Orc:1:    layout_caves, basic_altar
Orc:2:    st_orc_congregation, layout_diamond_mine

Skill      XL: |  1  2  3  4  5  6  7  8  9 10 11 12 13 |
---------------+----------------------------------------+-----
Dodging        | 3 4 5 6 7 8 |  8.3
Throwing       | 2 3 |  3.1
Long Blades    | 4 5 6 8 9 10 | 10.8
Armour         | 1 2 3 4 6 7 8 |  8.7
Short Blades   | 1 2 3 4 5 6 |  6.1
Fighting       | 3 4 5 6 7 |  7.4
Evocations     | 1 3 5 7 9 10 | 10.4
Stealth        | 1 2 |  2.5
Invocations    | 2 4 5 |  5.1
Shields        | |  0.2

Action                     |  1- 3 |  4- 6 |  7- 9 | 10-12 | 13-15 || total
---------------------------+-------+-------+-------+-------+-------++-------
  Melee: Long sword        |    87 |    97 |   251 |   342 |    99 ||   876
         Dagger            |    77 |    94 |   250 |   237 |       ||   658
         Scimitar          |       |       |       |   100 |    98 ||   198
  Throw: Throwing net      |       |       |     5 |       |       ||     5
         Dart              |       |       |       |    20 |    10 ||    30
         Javelin           |       |       |       |     1 |       ||     1
 Invoke: Heroism           |       |       |       |     2 |       ||     2
         Receive Armour    |       |       |       |       |     1 ||     1
  Evoke: Wand              |       |       |       |    15 |     6 ||    21
    Use: Scroll            |     3 |       |     8 |    15 |       ||    26
         Potion            |       |       |     4 |     9 |       ||    13
   Stab: Sleeping          |     1 |       |       |       |       ||     1
         Distracted        |     1 |       |       |       |       ||     1
         Held in net/web   |       |       |     6 |       |       ||     6
 Armour: Leather armour    |    54 |    19 |       |       |       ||    73
         Ring mail         |       |    10 |     3 |       |       ||    13
         Chain mail        |       |       |   125 |    76 |       ||   201
         Skin              |       |       |    35 |       |       ||    35
         Plate armour      |       |       |       |   243 |   141 ||   384
  Dodge: Dodged            |    60 |    49 |    81 |   140 |    52 ||   382
  Block: Other             |     7 |    17 |    42 |    66 |    30 ||   162
         Reflection        |       |     2 |       |     1 |     5 ||     8

Table legend: (Time is in decaauts)
 A = Elapsed time spent in this place.
 B = Non-inter-level travel time spent in this place.
 C = Inter-level travel time spent in this place.
 D = Time resting spent in this place.
 E = Time spent auto-exploring this place.
 F = Levels seen in this place.
 G = Mean time per level.
                   A        B        C        D        E       F      G
               +--------+--------+--------+--------+--------+-----+--------+
         Total |  11604 |  11604 |      0 |   1587 |   4422 |  16 |  725.2 |
       Dungeon |   9443 |   9443 |      0 |    675 |   4205 |  11 |  858.5 |
        Temple |     16 |     16 |      0 |      0 |      0 |   1 |   16.0 |
  Orcish Mines |   1439 |   1439 |      0 |    693 |    114 |   2 |  719.5 |
         Sewer |    127 |    127 |      0 |      0 |      0 |   1 |  127.0 |
        Bailey |    577 |    577 |      0 |    219 |    103 |   1 |  577.0 |
               +--------+--------+--------+--------+--------+-----+--------+

Top non-repeatable levels by time:
    D:10: 1201 daAuts
     D:8: 1188 daAuts
   Orc:1: 1167 daAuts
     D:9: 1163 daAuts
    D:11: 1145 daAuts
     D:4: 928 daAuts
     D:3: 845 daAuts
     D:6: 726 daAuts
     D:1: 718 daAuts
  Bailey: 577 daAuts
     D:5: 520 daAuts
     D:7: 503 daAuts
     D:2: 501 daAuts
   Orc:2: 272 daAuts
   Sewer: 127 daAuts
